 Dungeon Crawl Stone Soup version 0.27.0-1-g7a089689b8 (webtiles) character file.

Game seed: 13740420144281777651

8900 SnakkuSnakku7 the Basher (level 11, 0/100 HPs)
             Began as an Ogre Delver on Aug 6, 2021.
             Was a Follower of Wu Jian.
             Slain by a slime creature (16 damage)
             ... on level 10 of the Dungeon.
             The game lasted 00:16:42 (11313 turns).

SnakkuSnakku7 the Basher (Ogre Delver)             Turns: 11313, Time: 00:16:42

Health: 0/100      AC:  9    Str: 20    XL:     11   Next: 38%
Magic:  11/11      EV: 10    Int: 11    God:    Wu Jian [*.....]
Gold:   440        SH:  0    Dex: 11    Spells: 10/10 levels left

rFire    + . .     SeeInvis .   a - +2 giant club (vorpal)
rCold    . . .     Faith    .   (shield currently unavailable)
rNeg     . . .     Spirit   .   j - +0 steam dragon scales
rPois    .         Reflect  .   (helmet restricted)
rElec    .         Harm     .   w - +2 cloak {Stlth+}
rCorr    .         Rampage  .   (gloves unavailable)
Will     ++...                  (boots unavailable)
Stlth    +++.......             (no amulet)
HPRegen  0.26/turn              i - ring of protection from fire
MPRegen  0.12/turn              s - ring of willpower

@: no status effects
A: large, unfitting armour, tough skin 1
a: Renounce Religion


You were on level 10 of the Dungeon.
You worshipped Wu Jian.
Wu Jian was aware of your devotion.
You visited 2 branches of the dungeon, and saw 11 of its levels.
You also visited: Sewer.

You collected 665 gold pieces.
You spent 225 gold pieces at shops.

Inventory:

Hand Weapons
 a - a +2 vorpal giant club (weapon)
Missiles
 b - 9 large rocks (quivered)
 l - a throwing net
 y - 2 javelins
Armour
 h - a scarf of resistance
 j - +0 steam dragon scales (worn)
 w - a +2 cloak of stealth (worn)
Jewellery
 i - a ring of protection from fire (left hand)
 r - an amulet of faith
 s - a ring of willpower (right hand)
 z - a ring of positive energy
Wands
 g - a wand of digging (8)
 o - a wand of iceblast (15)
 t - a wand of polymorph (14)
 C - a wand of paralysis (6)
Scrolls
 c - a scroll of fog
 e - 2 scrolls of holy word {unknown}
 f - a scroll of vulnerability {unknown}
 k - 3 scrolls of enchant armour {unknown}
 m - 4 scrolls of teleportation
 n - a scroll of immolation {unknown}
 q - 3 scrolls of blinking
 u - 3 scrolls of amnesia
 A - a scroll of magic mapping
 B - a scroll of summoning
Potions
 d - 4 potions of flight
 p - a potion of lignification
 v - 2 potions of heal wounds
 x - 6 potions of curing
 D - a potion of haste
 E - 2 potions of berserk rage {unknown}
Miscellaneous
 F - a condenser vane


   Skills:
 - Level 4.0 Fighting
 - Level 14.0 Maces & Flails
 + Level 7.4 Throwing
 - Level 1.7 Dodging
 - Level 3.7 Stealth


You had 10 spell levels left.
You didn't know any spells.
Your spell library contained the following spells:

 Spells                   Type           Power      Damage    Failure   Level
 Animate Skeleton         Necr           0%         N/A       34%         1
 Apportation              Tloc           0%         N/A       34%         1
 Corona                   Hex            0%         N/A       34%         1
 Sting                    Tmut/Pois      0%         1d3       34%         1
 Summon Small Mammal      Summ           0%         N/A       34%         1
 Corpse Rot               Necr/Air       N/A        N/A       47%         2
 Ensorcelled Hibernation  Hex/Ice        0%         N/A       47%         2
 Poisonous Vapours        Pois/Air       0%         N/A       47%         2
 Inner Flame              Hex/Fire       0%         N/A       71%         3
 Ozocubu's Armour         Ice            0%         N/A       71%         3
 Portal Projectile        Hex/Tloc       0%         N/A       71%         3
 Spider Form              Tmut/Pois      0%         N/A       71%         3
 Cause Fear               Hex            0%         N/A       98%         4
 Hailstorm                Conj/Ice       0%         3d3       98%         4
 Ice Form                 Ice/Tmut       0%         N/A       98%         4
 Olgreb's Toxic Radiance  Pois           0%         N/A       98%         4
 Summon Ice Beast         Ice/Summ       0%         N/A       98%         4
 Blade Hands              Tmut           0%         N/A       100%        5
 Excruciating Wounds      Necr           0%         N/A       100%        5
 Freezing Cloud           Conj/Ice/Air   0%         6-21      100%        5
 Metabolic Englaciation   Hex/Ice        0%         N/A       100%        5
 Summon Mana Viper        Hex/Summ       0%         N/A       100%        5
 Shadow Creatures         Summ           N/A        N/A       100%        6
 Simulacrum               Ice/Necr       0%         N/A       100%        6
 Monstrous Menagerie      Summ           0%         N/A       100%        7
 Discord                  Hex            0%         N/A       100%        8


Dungeon Overview and Level Annotations

Branches:
Dungeon (10/15)            Temple (1/1) D:6            Lair (0/6) D:10
  Sewer (visited)
    Orc: D:9-12

Altars:
Ashenzari
Cheibriados
Dithmenos
Elyvilon
Fedhas
Gozag
Hepliaklqana
Kikubaaqudgha
Makhleb
Nemelex Xobeh
Okawaru
Qazlal
Ru
Sif Muna
Trog
Uskayaw
Vehumet
Wu Jian
Xom
Yredelemnul
Zin

Shops:
D:2 [   D:9 (   D:10 (=


Innate Abilities, Weirdness & Mutations

You are too large for most types of armour.
You have tough skin. (AC +1)


Message History

The slime creature is lightly wounded.
You bludgeon the slime creature!!
The slime creature is heavily wounded.
The slime creature hits you!
You barely miss the slime creature.
The slime creature is heavily wounded.
The slime creature quivers.
The slime creature hits you.
You bludgeon the slime creature!!
You kill the slime creature!
The Council accepts your kill.
You hit the slime creature.
The slime creature is lightly wounded.
The slime creature hits you but does no damage.
You bludgeon the slime creature!!
The slime creature is severely wounded.
The slime creature hits you but does no damage.
You bludgeon the slime creature!!
The slime creature is almost dead.
The slime creature hits you! The slime creature misses you.
You barely miss the slime creature.
The slime creature is almost dead.
The slime creature hits you!
You barely miss the slime creature.
The slime creature is almost dead.
The slime creature hits you but does no damage.
The slime creature hits you!
You are too injured to fight recklessly!
You are too injured to fight recklessly!
You bludgeon the slime creature!!
The slime creature is severely wounded.
The slime creature hits you but does no damage.
The slime creature hits you!
* * * LOW HITPOINT WARNING * * *
You hit the slime creature.
The slime creature is almost dead.
The slime creature hits you!
* * * LOW HITPOINT WARNING * * *
The slime creature hits you!
You die...

############## ##########
#.......≈≈≈≈≈# #........#
##......≈###≈###........#
.#.......'∩'..##........#
.#......≈###≈.##@.......#
.#......≈≈≈≈≈..JJ.......#
.#.......#######........#
.........# #........#
..###'#### #........# ..#
#.### ####'##### ..#
#...# #.# ..# ###.# #.#
..#####'### #.#


You could see 2 slime creatures.

Vanquished Creatures
  3 two-headed ogres
  Pikel (D:6)
  2 cyclopes
  Maurice (D:8)
  Maggie (D:7)
  A hornet (D:9)
  3 slime creatures (D:10)
  4 yaks
  A steam dragon (D:5)
  A water moccasin (D:7)
  A hornet zombie (D:8)
  A sky beast (D:7)
  2 orc warriors
  2 black bears (D:10)
  2 ogres (D:6)
  6 centaurs
  A necrophage (D:6)
  A lemure (D:7)
  A gnoll sergeant (D:8)
  6 bullfrogs
  2 scorpions
  A water moccasin skeleton (D:5)
  2 wyvern skeletons (D:7)
  3 vampire bats
  5 centaur zombies
  A bullfrog zombie (D:6)
  3 jellies
  3 orc priests
  A hound (D:5)
  A bullfrog skeleton (D:6)
  An iguana (D:6)
  2 merfolk sirens (Sewer)
  5 orc wizards
  A merfolk avatar (Sewer)
  2 howler monkey zombies
  Robin (D:3)
  7 gnolls
  8 adders
  A howler monkey skeleton (D:5)
  5 river rats
  2 ufetubi
  3 worms
  4 dart slugs
  3 fire bats (D:3)
  15 orcs
  2 spectral bats (D:3)
  15 bats
  7 bat skeletons
  2 bat zombies
  9 endoplasms
  6 giant cockroaches
  17 goblins
  7 hobgoblins
  3 jackals (D:2)
  5 kobolds
  4 quokkas
  7 ball pythons
  A bat simulacrum (D:3)
  6 frilled lizards
  23 rats
237 creatures vanquished.

Vanquished Creatures (others)
  An orc wizard (D:10)
  An orc (D:5)
  A fungus (D:2)
  22 plants (D:6)
25 creatures vanquished.

Grand Total: 262 creatures vanquished

Notes
Turn   | Place    | Note
-------+----------+-------------------------------------------
     0 | D:5      | SnakkuSnakku7 the Ogre Delver began the quest for the Orb.
     0 | D:5      | Reached XP level 1. HP: 24/24 MP: 1/1
    33 | D:5      | Reached skill level 2 in Maces & Flails
    33 | D:5      | Reached XP level 2. HP: 15/32 MP: 2/2
   654 | D:5      | Reached skill level 4 in Maces & Flails
   654 | D:5      | Reached XP level 3. HP: 34/39 MP: 3/3
   654 | D:5      | Reached XP level 4. HP: 42/48 MP: 4/4
   963 | D:3      | Found a glowing drain.
  1068 | Sewer    | Entered a sewer
  1437 | Sewer    | Reached XP level 5. HP: 44/54 MP: 5/5
  1513 | Sewer    | Reached skill level 5 in Maces & Flails
  1909 | Sewer    | Noticed a malarious merfolk avatar
  2186 | Sewer    | Killed a malarious merfolk avatar
  2235 | Sewer    | Reached XP level 6. HP: 23/62 MP: 6/6
  3363 | D:2      | Found a faded altar of an unknown god.
  3500 | D:2      | Found Uroypyl's Antique Armour Shoppe.
  4025 | D:3      | Reached skill level 6 in Maces & Flails
  4222 | D:3      | Noticed Robin
  4356 | D:3      | Killed Robin
  4357 | D:3      | Reached XP level 7. HP: 18/70 MP: 7/7
  5014 | D:4      | Found an ancient bone altar of Kikubaaqudgha.
  5031 | D:4      | Reached skill level 7 in Maces & Flails
  5420 | D:2      | Bought a runed cloak for 225 gold pieces
  5593 | D:5      | Noticed a steam dragon
  5876 | D:5      | Killed a steam dragon
  5877 | D:5      | Reached skill level 8 in Maces & Flails
  5892 | D:5      | Reached XP level 8. HP: 12/78 MP: 8/8
  5893 | D:5      | HP: 4/117 [orc (6)]
  7163 | D:6      | Reached skill level 9 in Maces & Flails
  7265 | D:6      | Identified the +6 hunting sling of Stained Gallantry
                  | {flame, rElec}
  7317 | D:6      | Found a staircase to the Ecumenical Temple.
  7985 | D:7      | Reached skill level 10 in Maces & Flails
  8135 | D:7      | Reached XP level 9. HP: 77/84 MP: 9/9
  8147 | D:7      | Noticed Pikel
  8184 | D:6      | Killed Pikel
  8185 | D:6      | Reached skill level 11 in Maces & Flails
  8190 | Temple   | Entered the Ecumenical Temple
  8482 | D:7      | Found a shimmering altar of Xom.
  8482 | D:7      | Found a blossoming altar of Fedhas.
  8482 | D:7      | Found an ornate altar of the Wu Jian Council.
  8539 | D:7      | Became a worshipper of the Wu Jian Council
  8990 | D:8      | Noticed Maggie
  9175 | D:7      | Killed Maggie
  9332 | D:8      | Noticed a cyclops
  9336 | D:8      | Killed a cyclops
  9337 | D:8      | Reached skill level 12 in Maces & Flails
  9369 | D:8      | Reached XP level 10. HP: 92/92 MP: 10/10
  9544 | D:8      | Found a white marble altar of Elyvilon.
  9629 | D:8      | Noticed Maurice
  9637 | D:8      | Killed Maurice
  9660 | D:8      | Reached skill level 13 in Maces & Flails
 10049 | D:9      | Noticed a cyclops
 10065 | D:9      | Killed a cyclops
 10073 | D:9      | Noticed a two-headed ogre
 10381 | D:9      | Reached * piety under Wu Jian
 10403 | D:9      | Killed a two-headed ogre
 10404 | D:9      | Reached skill level 14 in Maces & Flails
 10404 | D:9      | Reached skill level 1 in Throwing
 10563 | D:9      | Found a sparkling altar of Nemelex Xobeh.
 10566 | D:9      | Noticed a two-headed ogre
 10573 | D:9      | Killed a two-headed ogre
 10574 | D:9      | Reached XP level 11. HP: 88/100 MP: 11/11
 10633 | D:9      | Found Coegi's Antique Weapon Emporium.
 10673 | D:9      | Reached skill level 5 in Throwing
 10819 | D:10     | Entered Level 10 of the Dungeon
 10859 | D:10     | Found a staircase to the Lair.
 10881 | D:10     | Noticed a two-headed ogre
 10884 | D:10     | Found a basalt altar of Yredelemnul.
 10903 | D:10     | Killed a two-headed ogre
 10946 | D:10     | Found Xidis's Antique Weapon Shop.
 11007 | D:10     | Found Owneogg's Jewellery Shoppe.
 11313 | D:10     | Slain by a slime creature

Illustrated notes

Levels and vault maps discovered:
D:1:      dpeg_arrival_erosion, layout_basic
D:2:      layout_basic, dreamdust_ecumenical_altar_hidden_monk_grotto,
          serial_shops, shop
D:3:      layout_basic, portal_sewer_entry_d, corexii_shack, goddamned_bats,
          uniq_robin
D:4:      layout_gridville, kennysheep_vampire_church
D:5:      layout_rooms
D:6:      wad_woods_tower, layout_basic, minmay_temple_entry_from_below_a,
          kennysheep_potato
D:7:      layout_basic, gammafunk_temple_overflow_claw, uniq_pikel
D:8:      layout_loops_ring, amcnicky_altar_gilded, kennysheep_generic_room_7,
          uniq_maggie, uniq_maurice
D:9:      layout_cave_pools, mainiacjoe_overflow_small_starburst, serial_shops,
          shop
D:10:     layout_roguey, nicolae_tso_carved_into_rock,
          nicolae_overflow_crystal_walls, grunt_lair_entry_orc_guard_hut,
          serial_shops, shop, kennysheep_mini_moat, kennysheep_mini,
          nicolae_shop_waterfront, uniq_sonja
Temple:   dpeg_chambers_temple

Skill      XL: |  1  2  3  4  5  6  7  8  9 10 11 |
---------------+----------------------------------+-----
Maces & Flails | 2 4 5 6 8 10 12 14 | 14.0
Throwing       | 4 7 |  7.4
Fighting       | |  4.0
Dodging        | |  1.7
Stealth        | |  3.7

Action                   |  1- 3 |  4- 6 |  7- 9 | 10-12 || total
-------------------------+-------+-------+-------+-------++-------
Melee: Mace              |    21 |   458 |   242 |       ||   721
       Giant club        |       |       |   121 |   128 ||   249
       Unarmed           |       |       |     5 |       ||     5
Throw: Javelin           |       |       |     6 |     1 ||     7
       Large rock        |       |       |       |     5 ||     5
       Throwing net      |       |       |       |     1 ||     1
Invok: Lunge             |       |       |     4 |    11 ||    15
Evoke: Wand              |       |       |       |     2 ||     2
  Use: Scroll            |       |     3 |     8 |       ||    11
       Potion            |       |     3 |     5 |       ||     8
 Stab: Sleeping          |     1 |    14 |     9 |    11 ||    35
       Paralysed         |       |       |       |     2 ||     2
       Held in net/web   |       |       |       |     1 ||     1
Armor: Robe              |     3 |   276 |   148 |       ||   427
       Skin              |       |       |    42 |       ||    42
       Steam dragon scal |       |       |     1 |    74 ||    75
Dodge: Dodged            |    12 |   287 |   185 |    50 ||   534
